 Dungeon Crawl Stone Soup version 0.28-a0-845-gfc338a8e3c (webtiles) character file.

Game seed: 10443544595835078337

380 ders the Digger (level 6, -6/32 HPs)
             Began as a Gargoyle Earth Elementalist on Nov 13, 2021.
             Mangled by Duvessa (13 damage)
             ... on level 3 of the Dungeon.
             The game lasted 00:05:00 (3965 turns).

ders the Digger (Gargoyle Earth Elementalist)       Turns: 3965, Time: 00:05:01

Health: -6/32      AC:  6    Str: 12    XL:     6   Next: 75%
Magic:  1/12       EV: 11    Int: 17    God:
Gold:   116        SH:  0    Dex: 10    Spells: 9/13 levels left

rFire   + . .      SeeInvis .   a - +0 dagger
rCold   + . .      Faith    .   (no shield)
rNeg    + . .      Spirit   .   b - +0 robe
rPois   ∞          Reflect  .   (no helmet)
rElec   +          Harm     .   (no cloak)
rCorr   +          Rampage  .   (no gloves)
Will    .....                   (no boots)
Stlth   ++........              (no amulet)
HPRegen 0.10/turn               (no ring)
MPRegen 0.13/turn               (no ring)

@: resistant
A: sickness immunity, AC +4, negative energy resistance 1, electricity
resistance, torment resistance 1, petrification resistance
a: no special abilities


You were on level 3 of the Dungeon.
You visited 1 branch of the dungeon, and saw 4 of its levels.

You collected 116 gold pieces.

Inventory:

Hand Weapons
 a - a +0 dagger (weapon)
Armour
 b - a +0 robe (worn)
Jewellery
 o - a +6 ring of dexterity
Wands
 n - a wand of paralysis (14)
Scrolls
 e - a scroll of fog {unknown}
 f - 2 scrolls of fear {unknown}
 g - a scroll of identify {unknown}
 h - 3 scrolls of teleportation {unknown}
 p - a scroll of noise {unknown}
 q - 2 scrolls of immolation {unknown}
Potions
 c - 2 potions of might {unknown}
 d - 2 potions of resistance
 i - 2 potions of brilliance {unknown}
 j - a potion of flight {unknown}
 k - a potion of lignification {unknown}
 l - 2 potions of curing {unknown}
 m - a potion of heal wounds {unknown}


   Skills:
 + Level 0.2 Fighting
 - Level 1.5 Dodging
 - Level 2.1 Stealth
 + Level 0.1 Unarmed Combat
 + Level 4.3 Spellcasting
 * Level 2.2 Conjurations
 + Level 0.7 Transmutations
 + Level 6.5 Earth Magic


You had 9 spell levels left.
You knew the following spells:

 Your Spells              Type           Power      Damage    Failure   Level
a - Sandblast             Erth           50%        2d12      1%          1
b - Stone Arrow           Conj/Erth      36%        3d9       8%          3

Your spell library contained the following spells:

 Spells                   Type           Power      Damage    Failure   Level
 Passwall                 Tmut/Erth      13%        N/A       5%          2
 Animate Skeleton         Necr           6%         N/A       16%         1
 Pain                     Necr           12%        1d4       16%         1
 Summon Small Mammal      Summ           12%        N/A       16%         1
 Petrify                  Tmut/Erth      16%        N/A       34%         4
 Call Canine Familiar     Summ           3%         N/A       43%         3
 Summon Guardian Golem    Hex/Summ       3%         N/A       43%         3
 Vampiric Draining        Necr           3%         2d6       43%         3


Dungeon Overview and Level Annotations

Branches:
Dungeon (4/15)
 Temple: D:4-7

Altars:

Annotations:
D:3 Duvessa
D:4 Menkaure


Innate Abilities, Weirdness & Mutations

You are immune to sickness and miasma.
Your stone body is resilient. (AC +4)
You are immune to poison.
You resist negative energy. (rN+)
You are resistant to electric shocks. (rElec)
You are resistant to unholy torment.
You are immune to petrification.


Message History

Aim: Dowan, wielding a +1 dagger of venom and wearing a +0 robe (56% to hit)
The stone arrow misses Dowan.
Dowan hits you with a +1 dagger of venom.
Casting: Stone Arrow (quite dangerous; 9% risk of failure)
Confirm with . or Enter, or press ? or * to list all spells.
The spell is quite dangerous to cast (9% risk of failure)!
Continue anyway?
Aiming: Stone Arrow (quite dangerous; 9% risk of failure)
Press: ? - help, Shift-Dir - straight line, f/p - Dowan
Aim: Dowan, wielding a +1 dagger of venom and wearing a +0 robe (56% to hit)
The stone arrow hits Dowan!
Dowan is severely wounded.
Dowan hits you with a +1 dagger of venom.
Casting: Stone Arrow (quite dangerous; 9% risk of failure)
Confirm with . or Enter, or press ? or * to list all spells.
The spell is quite dangerous to cast (9% risk of failure)!
Continue anyway?
Aiming: Stone Arrow (quite dangerous; 9% risk of failure)
Press: ? - help, Shift-Dir - straight line, f/p - Dowan
Aim: Dowan, wielding a +1 dagger of venom and wearing a +0 robe (severely wounded, 56% to hit)
The stone arrow hits Dowan!
You kill Dowan!
Duvessa screams, "No!
How DARE you!"
Duvessa goes berserk!
Casting: Stone Arrow (quite dangerous; 8% risk of failure)
Confirm with . or Enter, or press ? or * to list all spells.
The spell is quite dangerous to cast (8% risk of failure)!
Continue anyway?
Aiming: Stone Arrow (quite dangerous; 8% risk of failure)
Press: ? - help, Shift-Dir - straight line, f - Duvessa
Aim: Duvessa, wielding a +0 short sword and wearing a +0 chain mail (berserk, 81% to hit)
The stone arrow hits Duvessa!
Duvessa is lightly wounded.
Duvessa closely misses you. x2
Duvessa hits you with a +0 short sword!
You climb upwards.
There is a stone staircase leading down here.
It was a potion of resistance.
You feel protected. Duvessa hits you with a +0 short sword!
* * * LOW HITPOINT WARNING * * *
Duvessa hits you with a +0 short sword!
You die...

#...##.#.# #.#
########......# ##.#
#....######..#### ###...
#....#....#.....###.....
#....#......###.##....##
#.....................##
#....#..................
#....#....#......#.#..##
#....#.@e.#..#####.#.##
#....#####<..#######.###
###.### #..#.#8^.#8#....
#...# #....#.#.#^#....
###.# ######.....#....
#.#######....#.#....
#............###....
########....._......
##....###....


You could see Duvessa (berserk).

Vanquished Creatures
  A bullfrog (D:3)
  Dowan (D:4)
  A bullfrog zombie (D:3)
  A centaur skeleton (D:4)
  2 iguanas (D:4)
  2 hound skeletons
  3 gnolls (D:4)
  5 adders
  3 dart slugs
  An orc (D:4)
  4 ball pythons
  3 endoplasms
  5 giant cockroaches
  6 hobgoblins
  5 jackals
  4 quokkas
  4 bats
  7 frilled lizards
  3 goblins
  3 kobolds
  4 rats
68 creatures vanquished.

Notes
Turn   | Place    | Note
-------+----------+-------------------------------------------
     0 | D:1      | ders the Gargoyle Earth Elementalist began the quest for
                  | the Orb.
     0 | D:1      | Reached XP level 1. HP: 10/10 MP: 3/3
   357 | D:1      | Reached XP level 2. HP: 15/15 MP: 1/5
   419 | D:1      | Reached skill level 4 in Earth Magic
  1113 | D:1      | Reached XP level 3. HP: 17/19 MP: 1/6
  1192 | D:1      | Learned a level 3 spell: Stone Arrow
  2505 | D:2      | Reached skill level 1 in Conjurations
  2553 | D:3      | Found a faded altar of an unknown god.
  2597 | D:3      | Reached XP level 4. HP: 18/24 MP: 3/8
  3022 | D:3      | Reached skill level 5 in Earth Magic
  3022 | D:3      | Reached XP level 5. HP: 27/28 MP: 7/10
  3332 | D:4      | Reached XP level 6. HP: 32/32 MP: 6/12
  3599 | D:4      | Reached skill level 6 in Earth Magic
  3808 | D:4      | Noticed Menkaure
  3958 | D:4      | Noticed Duvessa
  3958 | D:4      | Noticed Dowan
  3961 | D:4      | Killed Dowan
  3965 | D:3      | Mangled by Duvessa

Illustrated notes

Levels and vault maps discovered:
D:1:      psy_arrival_wood_between_worlds, layout_loops_ring, minmay_3d_cube
D:2:      layout_loops_corners, chequers_serial_rivers_micro_d,
          patterned_corridor
D:3:      wander_river, layout_rooms, shapermc_ecumenical_altar_mp_highgroup
D:4:      minmay_chambers_of_twos, layout_rooms, serial_park_tiny_2,
          minmay_mini_jars, uniq_menkaure, uniq_natasha, uniq_duvessa

Skill      XL: |  1  2  3  4  5  6 |
---------------+-------------------+-----
Earth Magic    | 4 5 6 |  6.5
Conjurations   | 1 2 |  2.2
Spellcasting   | 3 4 |  4.3
Fighting       | |  0.2
Dodging        | |  1.5
Stealth        | |  2.1
Unarmed Combat | |  0.1
Transmutations | |  0.7

Action                   |  1- 3 |  4- 6 || total
-------------------------+-------+-------++-------
Melee: Unarmed           |     5 |       ||     5
       Dagger            |     7 |       ||     7
 Cast: Sandblast         |    52 |    51 ||   103
       Stone Arrow       |       |     9 ||     9
  Use: Potion            |       |     1 ||     1
Armor: Robe              |    19 |    20 ||    39
Dodge: Dodged            |    24 |    22 ||    46

Table legend: (Time is in decaauts)
 A = Elapsed time spent in this place.
 B = Non-inter-level travel time spent in this place.
 C = Inter-level travel time spent in this place.
 D = Time resting spent in this place.
 E = Time spent auto-exploring this place.
 F = Levels seen in this place.
 G = Mean time per level.
                   A        B        C        D        E       F      G
               +--------+--------+--------+--------+--------+-----+--------+
         Total |   3985 |   3879 |    106 |   1229 |   2186 |   4 |  996.2 |
       Dungeon |   3985 |   3879 |    106 |   1229 |   2186 |   4 |  996.2 |
               +--------+--------+--------+--------+--------+-----+--------+

Top non-repeatable levels by time:
     D:1: 1577 daAuts
     D:2: 974 daAuts
     D:3: 867 daAuts
     D:4: 565 daAuts
